 Dungeon Crawl Stone Soup version 0.31-a0-155-gb63f529262 (webtiles) character file.

Game seed: 5941050761893384593

296 NoAnimeNoLife the Trooper (level 6, 0/34 HPs)
             Began as a Vine Stalker Gladiator on June 12, 2023.
             Slain by a water moccasin (5 damage)
             ... on level 4 of the Dungeon.
             The game lasted 00:04:13 (2456 turns).

NoAnimeNoLife the Trooper (Vine Stalker Gladiator)  Turns: 2456, Time: 00:04:14

Health: 0/34       AC:  4    Str: 18    XL:     6   Next: 34%
Magic:  0/7        EV: 12    Int:  8    God:
Gold:   125        SH:  0    Dex: 16    Spells: 5/5 levels left

rFire   . . .        a - +0 long sword
rCold   . . .        (no shield)
rNeg    . . .        b - +0 leather armour
rPois   .            c - +0 helmet
rElec   .            j - +0 cloak
rCorr   .            o - +0 pair of gloves
SInv    .            (no boots)
Will    .....        (no amulet)
Stlth   +            (no ring)
HPRegen 1.05/turn    (no ring)
MPRegen 0.10/turn

%: guardian spirit
@: lethally poisoned (0 -> -3), unable to drink
A: fangs 2, regeneration 1, magic shield, antimagic bite, no potion heal 2,
talons 1, deformed body, inability to drink after injury 1
a: no special abilities


You were on level 4 of the Dungeon.
You visited 1 branch of the dungeon, and saw 4 of its levels.

You collected 125 gold pieces.

Inventory:

Hand Weapons
 a - a +0 long sword (weapon)
 k - the +2 hammer "Dragon's Regret" {venom, *Rage rCorr Dex+6}
   (You found it on level 2 of the Dungeon)

   Dex:       It affects your dexterity (+6).
   *Rage:     It berserks you when you make melee attacks (+20% chance).
   rCorr:     It protects you from acid and corrosion.
Missiles
 e - 4 javelins
Armour
 b - a +0 leather armour (worn)
 c - a +0 helmet (worn)
 j - a +0 cloak (worn)
 o - a +0 pair of gloves (worn)
Scrolls
 g - 3 scrolls of enchant armour {unknown}
 h - a scroll of poison {unknown}
 i - 2 scrolls of identify {unknown}
 m - a scroll of teleportation {unknown}
 n - a scroll of fog {unknown}
Potions
 f - 4 potions of curing
 l - 2 potions of berserk rage {unknown}


   Skills:
 + Level 4.3 Fighting
 - Level 3.1 Long Blades
 + Level 3.4 Axes
 - Level 1.7 Throwing
 - Level 2.4 Dodging


You had 5 spell levels left.
You didn't know any spells.
Your spell library contained the following spells:

 Spells                   Type           Power      Damage    Failure   Level
 Dazzling Flash           Conj/Hex       0%         N/A       83%         3
 Volatile Blastmotes      Fire/Tloc      0%         2d10      83%         3
 Iskenderun's Mystic Bla  Conj/Tloc      0%         2d3       99%         4
 Starburst                Conj/Fire      0%         6d3       100%        6


Dungeon Overview and Level Annotations

Branches:
Dungeon (4/15)
 Temple: D:4-7

Altars:
Vehumet

Shops:
D:1 [?!((   D:2 (   D:3 [


Innate Abilities, Weirdness & Mutations

You have extremely sharp teeth.
Your natural rate of healing is unusually fast.
When hurt, damage is shared between your health and your magic reserves.
Your bite disrupts and absorbs the magic of your enemies.
Potions cannot restore your health.
You have sharp toenails.
Armour fits poorly on your strangely shaped body.
You occasionally lose the ability to drink potions when taking damage.


Message History

The water moccasin bites you.
You aren't carrying any items that you can evoke.
You barely miss the water moccasin. Your kick misses the water moccasin.
Your bite misses the water moccasin.
The water moccasin is heavily wounded.
You feel sick.
The water moccasin bites you but does no damage.
The water moccasin bites you.
You slash the water moccasin! You claw the water moccasin.
The water moccasin is almost dead.
You feel sick. The water moccasin bites you. The water moccasin bites you!
You feel threatened and lose the ability to drink potions!
You cannot drink potions in your current state!
You cannot drink potions in your current state!
You hit the water moccasin.
The water moccasin is almost dead.
You feel sick.
You are no longer poisoned.
The water moccasin bites you but does no damage.
You hit the water moccasin but do no damage.
Your bite misses the water moccasin.
The water moccasin is almost dead.
The water moccasin bites you.
You are poisoned.
The water moccasin poisons you!
The water moccasin bites you but does no damage.
You miss the water moccasin.
The water moccasin is almost dead.
* * * LOW HITPOINT WARNING * * *
You feel very sick. The water moccasin misses you.
The water moccasin completely misses you.
You cannot drink potions in your current state!
You miss the water moccasin. You bite the water moccasin. You drain its power.
You feel invigorated.
The water moccasin is almost dead.
* * * LOW HITPOINT WARNING * * *
You feel very sick. The water moccasin closely misses you.
The water moccasin bites you!
You die...

# # #.. #.
<... #.###
.....
#..S#......
#@...#
###....#
..... ...#
..# .. .


You could see a water moccasin.

Vanquished Creatures
  Sigmund (D:2)
  Crazy Yiuf (D:2)
  4 adders
  3 dart slugs (D:1)
  6 ball pythons
  5 endoplasms (D:1)
  A giant cockroach (D:1)
  2 goblins (D:2)
  3 hobgoblins
  5 jackals
  2 quokkas (D:3)
  6 bats
  3 frilled lizards
  8 kobolds
  5 rats
55 creatures vanquished.

Notes
Turn   | Place    | Note
-------+----------+-------------------------------------------
     0 | D:1      | NoAnimeNoLife the Vine Stalker Gladiator began the quest
                  | for the Orb.
     0 | D:1      | Reached XP level 1. HP: 11/11 MP: 2/2
    12 | D:1      | Found a faded altar of an unknown god.
    78 | D:1      | Found Rored's Armour Shop.
    78 | D:1      | Noticed an animated gold dragon scales
    78 | D:1      | Noticed an animated storm dragon scales
    87 | D:1      | Reached skill level 2 in Fighting
   134 | D:1      | Reached XP level 2. HP: 14/15 MP: 1/3
   184 | D:1      | Found Uschuc's Antique Weapon Shoppe.
   335 | D:1      | Found Boicoell's Magic Scroll Shop.
   356 | D:1      | Reached XP level 3. HP: 19/19 MP: 4/4
   512 | D:1      | Found Meuschiso's Weapon Emporium.
   625 | D:1      | Found Hukhobi's Distillery.
   832 | D:2      | Reached skill level 1 in Axes
   935 | D:2      | Gained mutation: Your natural rate of healing is unusually
                  | fast. [Vine Stalker growth]
   935 | D:2      | Reached XP level 4. HP: 20/23 MP: 5/5
   940 | D:2      | Reached skill level 3 in Fighting
  1137 | D:2      | Noticed Sigmund
  1142 | D:2      | Gained mutation: You have sharp toenails. [potion of
                  | mutation]
  1142 | D:2      | Gained mutation: You have hidden genetic defects. [potion
                  | of mutation]
  1165 | D:2      | Killed Sigmund
  1166 | D:2      | Reached skill level 4 in Fighting
  1166 | D:2      | Reached XP level 5. HP: 24/29 MP: 4/6
  1166 | D:2      | Reached XP level 6. HP: 28/33 MP: 4/7
  1180 | D:2      | Gained mutation: Armour fits poorly on your strangely
                  | shaped body. [hidden defects]
  1528 | D:2      | Found a runed translucent door.
  1529 | D:2      | Noticed Crazy Yiuf
  1659 | D:2      | Found Mabroiwk's Antique Weapon Boutique.
  1752 | D:2      | Killed Crazy Yiuf
  1764 | D:2      | Identified the +2 hammer "Dragon's Regret" {venom, *Rage
                  | rCorr Dex+6}
  1973 | D:3      | Identified the +4 spear of Fate {spect, Drain Str+4}
  2026 | D:3      | Gained mutation: You occasionally lose the ability to drink
                  | potions when taking damage. [hidden defects]
  2026 | D:3      | Lost mutation: You have hidden genetic defects. [hidden
                  | defects expressed]
  2206 | D:3      | Found Xios's Armour Shop.
  2277 | D:3      | Found a radiant altar of Vehumet.
  2440 | D:4      | Noticed a water moccasin
  2456 | D:4      | Slain by a water moccasin

Illustrated notes

Levels and vault maps discovered:
D:1:      amcnicky_arrival_feature_with_door, layout_loops_ring, serial_shops,
          nicolae_shop_mannequins, shop, shop, shop,
          nicolae_shop_real_fake_doors, hellmonk_ecumenical_altar_run_dry
D:2:      layout_basic, serial_shops, shop, minmay_indecisive_spiral,
          uniq_sigmund, uniq_crazy_yiuf_cottage
D:3:      layout_basic, mainiacjoe_overflow_24_doors, serial_shops,
          nicolae_shop_just_a_little_nook
D:4:      layout_rooms, led_xom_imps, temple_fountains, uniq_edmund

Skill      XL: |  1  2  3  4 |
---------------+-------------+-----
Fighting       | 2 4 |  4.3
Long Blades    | 3 |  3.1
Axes           | 1 3 |  3.4
Throwing       | |  1.7
Dodging        | |  2.4

Action                     |  1- 3 |  4- 6 || total
---------------------------+-------+-------++-------
  Melee: Long sword        |    77 |    57 ||   134
         Bite              |    22 |    12 ||    34
         Punch             |     1 |     1 ||     2
         Kick              |       |     8 ||     8
         Mace              |       |    12 ||    12
  Throw: Throwing net      |       |     5 ||     5
    Use: Potion            |       |     2 ||     2
   Stab: Sleeping          |     2 |     1 ||     3
         Held in net/web   |       |     1 ||     1
 Armour: Leather armour    |    21 |    32 ||    53
  Dodge: Dodged            |    52 |    47 ||    99

Table legend: (Time is in decaauts)
 A = Elapsed time spent in this place.
 B = Non-inter-level travel time spent in this place.
 C = Inter-level travel time spent in this place.
 D = Time resting spent in this place.
 E = Time spent auto-exploring this place.
 F = Levels seen in this place.
 G = Mean time per level.
                   A        B        C        D        E       F      G
               +--------+--------+--------+--------+--------+-----+--------+
         Total |   2530 |   2448 |     82 |     39 |   1958 |   4 |  632.5 |
       Dungeon |   2530 |   2448 |     82 |     39 |   1958 |   4 |  632.5 |
               +--------+--------+--------+--------+--------+-----+--------+

Top non-repeatable levels by time:
     D:2: 1078 daAuts
     D:1: 778 daAuts
     D:3: 654 daAuts
     D:4: 19 daAuts
